Cogmind - Beta 13 @@@ ROGUE MODE // 2024.04.29 @ 18:10:04 Player: Some Pennies Result: Destroyed by D-53 Grenadier with Mini Grenade Launcher Performance ------------- Evolutions (0) 0 Regions Visited (2) 400 Robots Destroyed (30) 150 Value Destroyed (497) 497 Prototype IDs (2) 40 Alien Tech Used (0) 0 Bonus (0) 0 TOTAL SCORE: 1087 Bonus ------- None Cogmind --------- Core Integrity 0/250 Matter 169/300 Energy 96/100 System Corruption 1% Temperature Cool (52) Movement Treading (320) Ox2 Location -10/Mines Parts ------- > --- POWER (1) -------- (None) > --- PROPULSION (2) --- Light Treads Light Treads > --- UTILITY (2) ------ Huge Storage Unit Seismic Detector > --- WEAPON (2) ------- Particle Gun > --- INVENTORY (25) --- Ion Engine Light Nuclear Core Heat Sink Structural Scanner Structural Scanner Machine Analyzer Improved Terrain Scanner Transport Network Coupler Recalibrator EM Pulse Gun Assault Rifle Light Assault Rifle Datajack Mining Laser Peak State ------------ > --- POWER ------------ Light Ion Engine > --- PROPULSION ------- Light Treads Light Treads > --- UTILITY ---------- Improved Terrain Scanner Improved Terrain Scanner > --- WEAPON ----------- EM Pulse Gun Assault Rifle > --- INVENTORY -------- Light Ion Engine Small Storage Unit Seismic Detector Seismic Detector Mining Laser [Rating: 11] Favorites ----------- Power Ion Engine Engine Ion Engine Propulsion Light Treads Treads Light Treads Utility Seismic Detector Device Seismic Detector Storage High-capacity Storage Unit Processor Transport Network Coupler Weapon Particle Gun Energy Gun Particle Gun Ballistic Gun Assault Rifle Launcher Grenade Launcher Build | -11 -10 -10 ------- Run | Yrd Mat Min Slots Evolved . | . . . Power . | . . . Propulsion . | . . . Utility . | . . . Weapon . | . . . Parts Attached 31 | 8 19 4 Power 2 | 1 1 . Engine 2 | 1 1 . Core . | . . . Reactor . | . . . Propulsion 7 | 2 3 2 Treads 7 | 2 3 2 Leg . | . . . Wheel . | . . . Hover . | . . . Flight . | . . . Utility 12 | 3 9 . Device 6 | 2 4 . Storage 5 | 1 4 . Processor 1 | . 1 . Hackware . | . . . Protection . | . . . Artifact . | . . . Weapon 10 | 2 6 2 Energy Gun 6 | 1 4 1 Energy Cannon . | . . . Ballistic Gun 3 | 1 2 . Ballistic Cannon . | . . . Launcher 1 | . . 1 Special Weapon . | . . . Impact Weapon . | . . . Slashing Weapon . | . . . Piercing Weapon . | . . . Special Melee Weapon . | . . . Unidentified Prototypes . | . . . Parts Lost 5 | . . 5 Power 1 | . . 1 Propulsion 2 | . . 2 Utility . | . . . Weapon 2 | . . 2 Highest Loss Streak 5 | . . 5 To Critical Strikes 1 | . . 1 Average Slot Usage (%) 99 | . 99 97 Engine 14 | . 14 14 Treads 27 | . 27 27 Device 12 | . 12 14 Storage 13 | . 13 14 Processor 1 | . 1 . Energy Gun 20 | . 19 26 Ballistic Gun 7 | . 8 . Naked Turns . | . . . Heaviest Build 92 | 13 92 92 Greatest Support 40 | 40 40 40 Greatest Overweight (x) 4 | . 2 4 Average Overweight (x) . | . . 2 Largest Inventory Capacity 25 | 8 25 25 Average Capacity 17 | 7 17 25 Most Carried 18 | 5 18 17 Average Carried 12 | 3 12 16 Final Capacity 25 | 5 25 25 Final Carried 17 | 5 17 14 Class Distribution -------------------- 68% | Scavenger-Mutant 31% | Mutant Dominant Class ---------------- Scavenger-Mutant | -10/Materials Scavenger-Mutant | -10/Mines Resources | -11 -10 -10 ----------- Run | Yrd Mat Min Matter Collected 665 | 300 365 . Remotely . | . . . Salvage Created 1079 | 171 800 108 Parts 68 | 12 54 2 Haulers Intercepted 2 | . 2 . Recyclers Shooed . | . . . Parts Field Recycled . | . . . Retrieved Matter . | . . . Parts Self-Destructed . | . . . Prevented . | . . . Kills | -11 -10 -10 ------- Run | Yrd Mat Min Combat Hostiles Destroyed 15 | . 12 3 Guns 10 | . 10 . AOE 5 | . 2 3 Classes Destroyed 10 | 2 7 1 Worker 1 | . 1 . Builder 2 | . 2 . Tunneler 5 | 4 . 1 Hauler 2 | . 2 . Recycler 4 | 1 2 1 Mechanic 1 | . 1 . Watcher 3 | . 3 . Swarmer 3 | . 3 . Grunt 9 | . 9 . Assembled 3 | . . 3 Best Kill Streak 5 | 5 4 4 Combat Bots Only 3 | . 3 3 Max Kills in Single Turn 3 | 1 2 3 Gunslinging . | . . . Exploded 2 | . 2 2 Melee . | . . . Uniques/NPCs Destroyed . | . . . Combat | -11 -10 -10 -------- Run | Yrd Mat Min Hostile Shots Fired 69 | . 34 35 Missed 10 | . 7 3 Damage Taken 1080 | . 328 752 Core 252 | . 69 183 Absorbed by Shields . | . . . Regen/Repaired (Parts) 97 | . 97 . Core Remaining (%) 100 | 100 . . Volleys Fired 72 | 10 54 8 Largest 2 | 2 2 2 Hottest 130 | 60 130 130 Shots Fired 144 | 20 108 16 Gun 140 | 20 108 12 Cannon . | . . . Launcher 4 | . . 4 Special . | . . . Kinetic 93 | 10 83 . Thermal 30 | . 18 12 Explosive 4 | . . 4 Electromagnetic 17 | 10 7 . Robot Hit Streak 12 | 6 12 7 Robot Miss Streak 7 | 1 7 3 Penetration Max . | . . . Secondary Targets . | . . . Shots Hit Robots 90 | 13 67 10 Core Hits 53 | 6 37 10 Critical Kills 1 | . 1 . Critical Parts Destroyed 1 | . 1 . Critical Strikes 3 | . 3 . Burn 1 | . 1 . Destroy 2 | . 2 . Melee Attacks . | . . . Impact . | . . . Slashing . | . . . Piercing . | . . . Sneak Attacks . | . . . Combat Hostiles . | . . . Follow-up Attacks . | . . . Damage Inflicted 1526 | 169 880 477 Guns 1048 | 169 785 94 Cannons . | . . . Explosions 478 | . 95 383 Melee . | . . . Ramming . | . . . Kinetic 625 | 88 537 . Thermal 347 | . 253 94 Explosive 383 | . . 383 Electromagnetic 171 | 81 90 . Impact . | . . . Slashing . | . . . Piercing . | . . . Highest Corruption 1 | . 1 1 Average Corruption 1 | . 1 1 Corruption Purged . | . . . Corruption Blocked . | . . . Effects 2 | . 1 1 Matter Fused 1 | . . 1 Alerts 1 | . 1 . Overload Shots . | . . . Overflow Damage 68 | . 25 43 Projectiles . | . . . Explosions 68 | . 25 43 Melee . | . . . Knockbacks . | . . . Impact . | . . . Kinetic . | . . . Secondary . | . . . Self-Inflicted Damage 95 | . 36 59 Shots 4 | . 1 3 Rammed . | . . . Targets Rammed . | . . . Kicked . | . . . Crushed . | . . . Highest Temperature 360 | . 138 360 Average Temperature 77 | . 30 170 Received Heat Transfer 272 | . 132 140 Effects 2 | . . 2 Shutdowns 1 | . . 1 Matter Decay 1 | . . 1 Siege Activations . | . . . Robots Corrupted . | . . . Combat Hostiles . | . . . Parts Fried . | . . . Impact Corruptions . | . . . Robots Melted . | . . . Combat Hostiles . | . . . Parts Melted 1 | . 1 . Heat Transferred 816 | . 594 222 Parts Sabotaged . | . . . Parts Stolen . | . . . Parts Stripped . | . . . Power Chain Reactions 1 | . 1 . Alert | -11 -10 -10 ------- Run | Yrd Mat Min Peak Influence 231 | 25 231 34 Initial 16 | . 16 . Average 58 | 10 65 6 Maximum Alert Level 1 | . 1 . Low Security (%) 93 | 100 92 100 Level 1 6 | . 7 . Level 2 . | . . . Level 3 . | . . . Level 4 . | . . . Level 5 . | . . . High Security . | . . . Max Security . | . . . Squads Dispatched 1 | . 1 . Investigation 1 | . 1 . Extermination . | . . . Reinforcement . | . . . Assault . | . . . Garrison . | . . . Intercept . | . . . Searches Triggered . | . . . Construction Impeded . | . . . Haulers Reinforced . | . . . Active Scanning Responses . | . . . Cargo Convoy Interrupts . | . . . Stealth | -11 -10 -10 --------- Run | Yrd Mat Min Distress Signals . | . . . Communications Jammed . | . . . Distress Signals . | . . . Times Spotted 27 | . 17 10 Peak Tracking Total 13 | . 6 13 Tactical Retreats 2 | . 2 . Traps | -11 -10 -10 ------- Run | Yrd Mat Min Traps Triggered 1 | . 1 . Indirectly . | . . . Trap Hack Attempts . | . . . Triggered . | . . . Disarmed . | . . . Reprogrammed . | . . . Reused . | . . . Traps Extracted . | . . . Installed . | . . . Triggered . | . . . Machines | -11 -10 -10 ---------- Run | Yrd Mat Min Machines Disabled . | . . . Max in Single Turn . | . . . Machines Repaired . | . . . Machines Dismantled . | . . . Machines Sabotaged . | . . . Overloaded Fab Kills . | . . . Hacking | -11 -10 -10 --------- Run | Yrd Mat Min Machines Accessed 8 | . 8 . Terminals 6 | . 6 . Fabricators . | . . . Repair Stations 1 | . 1 . Recycling Units 1 | . 1 . Scanalyzers . | . . . Garrison Access . | . . . Total Hacks 25 | . 25 . Successful 8 | . 8 . Failed 17 | . 17 . Catastrophic 2 | . 2 . Database Lockouts . | . . . Manual 12 | . 12 . Terminals 21 | . 21 . Fabricators . | . . . Repair Stations 2 | . 2 . Recycling Units 2 | . 2 . Scanalyzers . | . . . Garrison Access . | . . . Terminal Hacks 5 | . 5 . Robot Analysis 2 | . 2 . Prototype ID Bank 1 | . 1 . Locate Traps 1 | . 1 . Zone Layout 1 | . 1 . Fabricator Hacks . | . . . Repair Station Hacks 2 | . 2 . Scan Component 1 | . 1 . Repair 1 | . 1 . Recycling Unit Hacks . | . . . Scanalyzer . | . . . Garrison Access Hacks . | . . . Unauthorized Hacks 1 | . 1 . Terminals . | . . . Fabricators . | . . . Repair Stations . | . . . Recycling Units 1 | . 1 . Mask 1 | . 1 . Scanalyzers . | . . . Garrison Access . | . . . Data Cores Recovered . | . . . Used . | . . . Hacking Detections 7 | . 7 . Full Trace Events 2 | . 2 . Feedback Events 1 | . 1 . Corruption 1 | . 1 . Feedback Blocked . | . . . Robot Schematics Acquired . | . . . Robots Built . | . . . Authchips . | . . . Time . | . . . Total Robot Build Rating . | . . . Part Schematics Acquired . | . . . Parts Built . | . . . Authchips . | . . . Time . | . . . Total Part Build Rating . | . . . Parts Repaired 1 | . 1 . Time 26 | . 26 . Parts Recycled . | . . . Recycled Matter . | . . . Retrieved Matter . | . . . Retrieved Components . | . . . Parts Scanalyzed . | . . . Part Schematics Acquired . | . . . Parts Damaged . | . . . Bothacking | -11 -10 -10 ------------ Run | Yrd Mat Min Used RIF Installer . | . . . Robots Hacked . | . . . Non-combat . | . . . Combat . | . . . Robot Hacks Applied . | . . . Relay Couplers Released . | . . . Fabnet Peak Effective % . | . . . Robots Rewired . | . . . Allies Hacked . | . . . Hacks Repelled . | . . . Allies | -11 -10 -10 -------- Run | Yrd Mat Min Total Allies . | . . . Largest Group . | . . . Highest-Rated Group . | . . . Highest-Rated Ally . | . . . Total Orders . | . . . Ally Attacks . | . . . Total Damage . | . . . Kills . | . . . Allies Corrupted . | . . . Allies Melted . | . . . Intel | -11 -10 -10 ------- Run | Yrd Mat Min Robot Analysis Total 2 | . 2 . Derelict Logs Recovered . | . . . Drone Launches . | . . . Drone Recoveries . | . . . Exploration | -11 -10 -10 ------------- Run | Yrd Mat Min Turns Passed 2248 | 123 1982 143 Spaces Moved 848 | 49 763 36 Core 8 | 8 . . Treads 840 | 41 763 36 Legs . | . . . Wheels . | . . . Hover . | . . . Flight . | . . . Fastest Speed 50 | 50 160 320 Average Speed 223 | 142 224 324 Slowest Speed 480 | 160 320 480 Overloaded Moves . | . . . Propulsion Burnouts . | . . . Robots Hopped . | . . . Cave-ins Triggered . | . . . Exploration Rate (%) 37 | 3 93 16 Regions Visited 2 Branch Regions 1 Pre-discovered Areas . | . . . Known Exits Taken . | . . . Unknown Exits Taken 2 | 1 1 . Scrap Searched . | . . . Spaces Dug . | . . . Terrain Destroyed 34 | . 2 32 Melee . | . . . Projectile . | . . . AOE 34 | . 2 32 Terrain Rammed . | . . . Walls Destroyed . | . . . Machines Disabled . | . . . Actions | -11 -10 -10 --------- Run | Yrd Mat Min Total 1067 | 83 936 48 Wait 62 | . 62 . Move 846 | 48 762 36 Hop . | . . . Pick Up 39 | 14 25 . Fast Attach 3 | 1 2 . Attach 12 | 6 3 3 Detach . | . . . Swap 16 | 1 14 1 Drop 17 | 3 14 . Fire 72 | 10 54 8 Melee . | . . . Ram . | . . . Kick . | . . . Crush . | . . . Escape Stasis . | . . . Rewire . | . . . Trap . | . . . Miscellaneous . | . . . Route ------- -11/Scrapyard -10/Materials (discovered 4 exits: [*Mat x2] / [*Min x2]) -10/Mines History --------- Turn | Location | Event 7 | -11/Scrapyard | Discovered new exit (range 15) 124 | -11/Scrapyard | Entered Materials 310 | -10/Materials | Discovered new exit (range 16) 313 | -10/Materials | Build established: Mutant 918 | -10/Materials | Discovered new exit (range 8) 1008 | -10/Materials | Build established: Scavenger-Mutant 1144 | -10/Materials | Repaired Lgt. Treads 1269 | -10/Materials | Discovered new exit (range 9) 1826 | -10/Materials | Discovered new exit (range 15) 2106 | -10/Materials | Entered Mines 2203 | -10/Mines | Assembled infested the area 2240 | -10/Mines | Core integrity fell below 50% 2248 | -10/Mines | Core integrity fell below 20% 2249 | -10/Mines | Destroyed by D-53 Grenadier with Mini Grenade Launcher Last Messages --------------- 02232_ Power failure, Ion Engine shutdown. 02233_ Overheating: Matter decay (-57). 02233_ The unstable cave ceiling collapses. 02234_ Critical hit (Destroy). 02234_ Lgt. Treads destroyed. 02234_ D-53 Grenadier unfolds itself. 02235_ The unstable cave ceiling collapses. 02235_ Lgt. Treads destroyed. 02238_ as-19075 destroyed. 02238_ Grenade Launcher destroyed. 02239_ U-05 Engineer lays Concrete. 02241_ The unstable cave ceiling collapses. 02241_ U-05 Engineer builds a Wall. 02242_ as-31410 destroyed. 02243_ Particle Gun destroyed. 02244_ U-05 Engineer builds a Wall. 02247_ The unstable cave ceiling collapses. 02247_ as-65737 destroyed. 02247_ Ion Engine destroyed. 02248_ U-05 Engineer lays Concrete. Map ----- +----------------------------------------------------+ | | | | | | | | | | | | | | | | | ??????????????????????????????????????????? | | ??????????????????????????????????????????? | | ??????????????????????????#???????????????? | | ?????????????????????????# ???????????????? | | ????????????????????????? ??????????????? | | ???????????????????????## ??????????????? | | ??????????????????????## ???????????????? | | ??????????????????????? ???????????????? | | ??????????????????????? ???????????????? | | ??????????????????????? ??????? ??????? | | ??????????????????????? ?????? #?????? | | ???????????????????????# #????? #??????? | | ???????????????????????# #????# #???????? | | ?????????????????????### ##??# #???????? | | ????????????????????## # ### #????????? | | ??????????????????### #????????? | | ???????????????##?# #?????????? | | ???????????????## # @ #??????????? | | ??????????###### | ###??????????? | | ????????? a a *% #????????????? | | ???????????##### #????????????? | | ???????????????### # #????????????? | | ?????????????????####t #????????????? | | ??????????????????##u ##????????????? | | ???????????????????# ###?????????????? | | ???????????????????# d ##???????????????? | | ???????????????????# d ###????????????????? | | ??????????????????## ##??????????????????? | | ??????????????????# ##??????????????????? | | ??????????????????# #??????????????????? | | ??????????????????# #??????????????????? | | ??????????????????# " #??????????????????? | | ??????????????????#"% #??????????????????? | | ??????????????????# " ##?????????????????? | | ??????????????????## #?????????????????? | | ??????????????????# #?????????????????? | | ??????????????????# ##?????????????????? | | ??????????????????# ###??????????????????? | | ??????????????????# #????????????????????? | | ??????????????????# #????????????????????? | | ??????????????##### #????????????????????? | | ??????????????# #????????????????????? | +----------------------------------------------------+ Best States ------------- Heat Dissipation 25 Energy Generation 10 Energy Capacity 250 Matter Stores 300 Matter Capacity 300 Sight Range 16 Terrain Scan Range 16 Terrain Scan Density 10 Evasion (%) 40 Recoil Reduction 2 Item Schematics ----------------- None Robot Schematics ------------------ None Fabricated ------------ Nothing Alien Tech Used ----------------- None Achievements -------------- None Challenges ------------ None Game ------ Seed DynamicWeaponsReconfigurator Manual? 0 Play Time 00:19:57 Cumulative 27.9 hours Start 2024.04.29 @ 17:46:19 End 2024.04.29 @ 18:10:04 Sessions 2 Manual Loads 0 Difficulty Rogue Special Mode None Game No. 29 Rogue 24 Adventurer 5 Explorer 0 Win Type - Total 0 Types 0/0/0/0/0/0/0/0/0 Lore% 24 Gallery% 27 Achievement% 22 Wizard Run 0 Options --------- Layout 2 ASCII 0 Keyboard 0 Movement Mouse Keybinds 0 Fullscreen 2 Font 24/Smallcaps Map View 50x44 Zoom Use 0% Tactical HUD 1 Map Filters NONE Filters NONE Steam 1 RUN: 241c4a69-a291-40e1-a615-c57ab111c1a6